 Dungeon Crawl Stone Soup version 0.23-a0-171-g5ae17c6 (webtiles) character file.

39 grindst0ne the Cutter (level 3, 0/36 HPs)
             Began as a Kobold Berserker on Sept 12, 2018.
             Was a Follower of Trog.
             Slain by a worm (4 damage)
             ... on level 2 of the Dungeon.
             The game lasted 00:01:18 (1000 turns).

grindst0ne the Cutter (Kobold Berserker)            Turns: 1000, Time: 00:01:19

Health: 0/36       AC:  2    Str: 20    XL:     3   Next: 67%
Magic:  3/3        EV: 15    Int:  8    God:    Trog [*.....]
Gold:   71         SH:  0    Dex: 14    Spells: 2/2 levels left

rFire    . . .     SeeInvis .   a - +0 short sword
rCold    . . .     Gourm    .   (shield restricted)
rNeg     . . .     Faith    .   b - +0 animal skin
rPois    +         Spirit   .   (no helmet)
rElec    .         Reflect  .   (no cloak)
rCorr    +         Harm     .   (no gloves)
MR       .....                  (no boots)
Stlth    ..........             (no amulet)
HPRegen  0.12/turn              e - ring of resist corrosion
MPRegen  0.08/turn              i - ring of poison resistance

@: berserking, very quick
A: small, carnivore
a: Berserk, Renounce Religion


You were on level 2 of the Dungeon.
You worshipped Trog.
Trog was aware of your devotion.
You were very full.

You visited 1 branch of the dungeon, and saw 2 of its levels.

You collected 71 gold pieces.

Inventory:

Hand Weapons
 a - a +0 short sword (weapon)
Armour
 b - a +0 animal skin (worn)
 n - a +0 buckler
Jewellery
 e - a ring of resist corrosion (left hand)
 i - a ring of poison resistance (right hand)
Scrolls
 d - a scroll of enchant armour {unknown}
 f - a scroll of random uselessness {unknown}
 h - a scroll of teleportation {unknown}
 j - 2 scrolls of identify {unknown}
 k - a scroll of noise {unknown}
 l - a scroll of amnesia {unknown}
Potions
 g - 3 potions of haste {unknown}
 o - a potion of invisibility {unknown}
Comestibles
 c - a ration
 m - 4 chunks of flesh


   Skills:
 + Level 4.1 Fighting
 + Level 5.0 Short Blades
 - Level 1.5 Armour
 - Level 2.4 Dodging


You had 2 spell levels left.
You didn't know any spells.
Your spell library was empty.

Dungeon Overview and Level Annotations

Branches:
Dungeon (2/15)

Altars:


Innate Abilities, Weirdness & Mutations

You are small and have problems with some larger weapons.
You are carnivorous and can eat meat at any time.


Message History

You hit the worm.
The worm is lightly wounded.
You hit the worm.
The worm is moderately wounded.
The worm bites you.
You hit the worm but do no damage.
The worm is lightly wounded.
You hit the worm.
The worm is moderately wounded.
The worm bites you!
You completely miss the worm.
The worm is moderately wounded.
You puncture the worm!
The worm is severely wounded.
The worm bites you!
* * * LOW HITPOINT WARNING * * *
A red film seems to cover your vision as you go berserk!
You feel yourself moving faster!
You feel mighty!
You feel quite a bit less full. The worm bites you.
You die...

##. ##...###
#........ #......
#.......###......
#.............w..
#...............
#.............#
#...........####
#...........w@.#
#.............%#
#####.#..>.....#
#.#........#
#.########## #.#
#.# #.# #.#


You could see a worm.

Vanquished Creatures
  2 adders (D:2)
  A dart slug (D:2)
  A ball python (D:2)
  A giant cockroach (D:2)
  4 hobgoblins
  5 bats
  3 frilled lizards (D:2)
  3 goblins
  A kobold (D:2)
  A rat (D:1)
22 creatures vanquished.

Vanquished Creatures (others)
  9 toadstools (D:2)
9 creatures vanquished.

Grand Total: 31 creatures vanquished

Notes
Turn   | Place    | Note
-------+----------+-------------------------------------------
     0 | D:1      | grindst0ne the Kobold Berserker began the quest for the
                  | Orb.
     0 | D:1      | Reached XP level 1. HP: 14/14 MP: 1/1
   667 | D:1      | Reached XP level 2. HP: 19/19 MP: 2/2
   756 | D:2      | Reached XP level 3. HP: 16/24 MP: 3/3
   925 | D:2      | Reached skill level 5 in Short Blades
  1000 | D:2      | Slain by a worm

Vault maps used:
D:1:      scummos_arrival_star, hex_medium, minmay_cupped
D:2:      cheibrodos_fertilizer, first_ration

Skill      XL: |  1  2  3 |
---------------+----------+-----
Fighting       | 4 |  4.1
Short Blades   | 5 |  5.0
Armour         | |  1.5
Dodging        | |  2.4

Action                   || total
-------------------------++-------
Melee: Short sword       ||    69
Invok: Berserk           ||     3
 Stab: Sleeping          ||     1
  Eat: Chunk             ||    10
Armor: Animal skin       ||    16
Dodge: Dodged            ||    47

Table legend:
 A = Non-vault XP
 B = Vault XP
 C = Vault XP percentage of total XP
 D = Non-vault monster count
 E = Vault monster count
 F = Vault count percentage of total count
                 A         B        C        D         E       F
            +---------+---------+-------+---------+---------+-------
      Total |      54 |       2 |   3.6 |      20 |       2 |   9.1
            +---------+---------+-------+---------+---------+-------
        D:1 |       7 |       2 |  22.2 |       5 |       2 |  28.6
        D:2 |      47 |       0 |   0.0 |      15 |       0 |   0.0
            +---------+---------+-------+---------+---------+-------
